 Dungeon Crawl Stone Soup version 0.23.0 (webtiles) character file.

Game seed: 10604188946253350363

12272 Jethus the Fighter (level 11, -8/104 HPs)
             Began as a Minotaur Berserker on Feb 18, 2019.
             Was a High Priest of Trog.
             Splashed by an acid dragon's acid (15 damage)
             ... on level 11 of the Dungeon.
             The game lasted 00:55:14 (13205 turns).

Jethus the Fighter (Minotaur Berserker)            Turns: 13205, Time: 00:55:15

Health: -8/104     AC:  8    Str: 25    XL:     11   Next: 60%
Magic:  10/10      EV: 11    Int:  4    God:    Trog [*****.]
Gold:   1225       SH:  0    Dex: 10    Spells: 10/10 levels left

rFire    . . .     SeeInvis .   e - +5 hand axe
rCold    . . .     Gourm    .   (no shield)
rNeg     . . .     Faith    +   f - +0 plate armour
rPois    .         Spirit   .   (helmet restricted)
rElec    .         Reflect  .   q - +1 cloak
rCorr    .         Harm     .   (no gloves)
MR       +....                  (no boots)
Stlth    ..........             i - amulet of faith
HPRegen  0.27/turn              o - ring of protection from magic
MPRegen  0.12/turn              (no ring)

@: corroded, berserk cooldown, slowed, very slow
A: retaliatory headbutt, horns 2
a: Berserk, Trog's Hand, Brothers in Arms, Renounce Religion


You were on level 11 of the Dungeon.
You worshipped Trog.
Trog was extremely pleased with you.
You were near starving.

You visited 3 branches of the dungeon, and saw 15 of its levels.

You collected 1225 gold pieces.

Inventory:

Hand Weapons
 e - a +5 hand axe (weapon)
 m - a +2 trident of flaming
 w - the +3 quarterstaff of Conscience {holy, rN+ Str+2 Dex-3}
   (Trog gifted it to you on level 11 of the Dungeon)

   It has been blessed by the Shining One to cause great damage to the undead
   and demons.
   It affects your strength (+2).
   It affects your dexterity (-3).
   It protects you from negative energy.
 z - a +2 longbow of velocity
Missiles
 k - a throwing net
 D - 7 javelins (quivered)
Armour
 f - a +0 plate armour (worn)
 q - a +1 cloak (worn)
Jewellery
 i - an amulet of faith (around neck)
 o - a ring of protection from magic (left hand)
Wands
 a - a wand of clouds (7)
 h - a wand of paralysis (13)
 C - a wand of random effects (9)
Scrolls
 g - 5 scrolls of teleportation
 t - 4 scrolls of remove curse
 u - a scroll of fear
 y - a scroll of enchant armour
 A - 2 scrolls of identify
Potions
 d - 3 potions of curing
 j - 3 potions of heal wounds
 n - a potion of brilliance
 r - a potion of ambrosia
 s - 2 potions of might
 x - 3 potions of flight
Miscellaneous
 v - a lamp of fire (inert)
Comestibles
 c - 13 rations


   Skills:
 * Level 12.3 Fighting
   Level 5.2 Short Blades
 * Level 12.1 Axes
 + Level 9.9 Armour
 + Level 9.0 Dodging


You had 10 spell levels left.
You didn't know any spells.
Your spell library was empty.

Dungeon Overview and Level Annotations

Branches:
Dungeon (12/15)            Temple (0/1) D:4            Lair (1/6) D:11
    Orc (2/2) D:9
    Elf: Orc:2

Altars:
Hepliaklqana
Nemelex Xobeh
Okawaru
Trog
Wu Jian
Xom
Beogh

Shops:
D:5 *

Annotations:
D:11 FiveHydra!


Innate Abilities, Weirdness & Mutations

You reflexively headbutt those who attack you in melee.
You have a pair of horns on your head.


Message History

The acid dragon bites you. The acid dragon barely misses you.
You are near starving!
The acid dragon bites you but does no damage.
The acid dragon claws you. The acid dragon spits acid at you.
The splash of acid hits you. The acid corrodes you!
You are splashed with acid!
The acid dragon barely misses you. You furiously retaliate!
You headbutt the acid dragon, but do no damage.
The acid dragon claws you but does no damage.
The acid dragon completely misses you. The acid dragon closely misses you.
The acid dragon spits acid at you. The splash of acid hits you!
* * * LOW HITPOINT WARNING * * *
You are splashed with acid!
* * * LOW HITPOINT WARNING * * *
The acid dragon spits acid at you. The splash of acid hits you!
* * * LOW HITPOINT WARNING * * *
You are splashed with acid!
You die...

..!+,*,,,,,,,,,,,***,,,+........#
[.,*************** ****#........#
#*** #........# # ###'###### ##
#>..# .# ######.#### .#
#.......... .#
###########........>.
.############.D.@................
..............#########..........
.############## #.......... .#
#.......... .# ###.####.._ ##
#..* #... ##.###... #....[.#
#########)##


You could see an acid dragon.

Vanquished Creatures
  A centaur warrior (D:10)
  A two-headed ogre (D:10)
  A cyclops (D:11)
  An ugly thing (D:11)
  A komodo dragon (D:11)
  A centaur skeleton (D:11)
  2 kobold demonologists (D:11)
  A troll (D:9)
  15 yaks
  A wyvern (D:8)
  The ghost of busb the Ducker, an amateur OgWn (D:4)
  3 steam dragons
  3 soldier ants
  A water moccasin (D:5)
  2 ice beasts
  7 orc warriors
  A sky beast (D:10)
  5 ogres
  A black bear (D:6)
  2 necrophages
  2 phantoms
  4 centaurs
  2 crocodiles
  2 big kobolds (D:9)
  6 bullfrogs
  A gnoll sergeant (D:8)
  A scorpion (D:6)
  16 killer bees (D:10)
  8 wights (D:7)
  2 howler monkeys (D:8)
  3 crimson imps
  2 centaur zombies (D:9)
  A jelly (D:10)
  A quasit (D:6)
  A bullfrog skeleton (D:8)
  5 orc priests
  7 hounds
  An iguana (D:5)
  Natasha (thrice) (D:3)
  8 orc wizards
  9 worker ants
  A killer bee zombie (D:4)
  A hound skeleton (D:8)
  A worker ant zombie (D:8)
  13 gnolls
  10 adders
  A howler monkey skeleton (D:7)
  A river rat (D:4)
  5 shadow imps
  An ooze (D:1)
  An adder zombie (D:5)
  An adder skeleton (D:9)
  3 worms
  2 dart slugs
  8 leopard geckos
  54 orcs
  3 ball pythons
  5 giant cockroaches
  11 goblins
  5 hobgoblins
  6 jackals
  4 quokkas
  A ball python zombie (D:5)
  5 bats
  6 frilled lizards
  A giant cockroach zombie (D:5)
  38 kobolds
  8 rats
  8 plants (D:9)
340 creatures vanquished.

Vanquished Creatures (collateral kills)
  An orc (D:9)
1 creature vanquished.

Vanquished Creatures (others)
  2 plants (D:9)
2 creatures vanquished.

Grand Total: 343 creatures vanquished

Notes
Turn   | Place    | Note
-------+----------+-------------------------------------------
     0 | D:1      | Jethus the Minotaur Berserker began the quest for the Orb.
     0 | D:1      | Reached XP level 1. HP: 19/19 MP: 0/0
   310 | D:1      | Reached XP level 2. HP: 27/27 MP: 1/1
   867 | D:1      | Reached ** piety under Trog
   885 | D:1      | Reached XP level 3. HP: 30/33 MP: 2/2
  1521 | D:2      | Reached XP level 4. HP: 40/40 MP: 3/3
  2177 | D:3      | Noticed Natasha
  2180 | D:3      | Killed Natasha
  2232 | D:3      | Found a sparkling altar of Nemelex Xobeh.
  2414 | D:3      | Found an iron altar of Okawaru.
  2414 | D:3      | Found a hazy altar of Hepliaklqana.
  2432 | D:3      | Reached XP level 5. HP: 47/47 MP: 4/4
  2435 | D:3      | Reached skill level 1 in Short Blades
  2440 | D:3      | Found a bloodstained altar of Trog.
  2440 | D:3      | Found a shimmering altar of Xom.
  2640 | D:3      | Noticed Natasha
  2646 | D:3      | Killed Natasha
  2716 | D:3      | Reached skill level 5 in Axes
  2873 | D:3      | Noticed Natasha
  2878 | D:3      | Killed Natasha
  2878 | D:3      | Reached XP level 6. HP: 55/55 MP: 5/5
  3031 | D:4      | Reached skill level 5 in Fighting
  3039 | D:4      | Reached *** piety under Trog
  3056 | D:4      | Noticed a steam dragon
  3067 | D:4      | Killed a steam dragon
  3226 | D:4      | Reached XP level 7. HP: 44/61 MP: 6/6
  3377 | D:4      | Reached skill level 5 in Armour
  3596 | D:4      | Found a runed translucent door.
  3597 | D:4      | Noticed busb's ghost (amateur OgWn)
  3610 | D:4      | Found a staircase to the Ecumenical Temple.
  3632 | D:4      | Killed busb's ghost
  3639 | D:4      | Found a runed translucent door.
  3862 | D:5      | Entered Level 5 of the Dungeon
  4063 | D:5      | Found Riecoe Fene's Lightly-Used Armoury.
  4175 | D:5      | Reached skill level 5 in Dodging
  4329 | D:5      | Reached XP level 8. HP: 69/70 MP: 7/7
  5882 | D:7      | Reached skill level 5 in Short Blades
  5887 | D:7      | Reached XP level 9. HP: 79/79 MP: 8/8
  5894 | D:7      | Reached **** piety under Trog
  7660 | D:8      | Found a roughly hewn altar of Beogh.
  7676 | D:8      | Reached ***** piety under Trog
  8124 | D:9      | Reached XP level 10. HP: 86/91 MP: 9/9
  8691 | D:9      | Found a staircase to the Orcish Mines.
  8847 | D:9      | Noticed a two-headed ogre
  8849 | D:9      | Reached skill level 10 in Fighting
  8910 | D:10     | Entered Level 10 of the Dungeon
  8913 | D:10     | Killed a two-headed ogre
  8913 | D:10     | Reached skill level 10 in Axes
  9542 | D:9      | Received a gift from Trog
 10408 | D:10     | Reached XP level 11. HP: 102/102 MP: 10/10
 10618 | D:10     | Noticed a centaur warrior
 10635 | D:10     | Killed a centaur warrior
 10986 | D:11     | Received a gift from Trog
 11117 | D:11     | Got a bloodstained quarterstaff {god gift}
 11321 | D:11     | Noticed a five-headed hydra
 12035 | Orc:1    | Entered Level 1 of the Orcish Mines
 12243 | Orc:2    | Entered Level 2 of the Orcish Mines
 12447 | D:11     | Found an ornate altar of the Wu Jian Council.
 12461 | D:11     | Found a staircase to the Lair.
 12518 | Lair:1   | Entered Level 1 of the Lair of Beasts
 13139 | D:11     | Identified the +3 quarterstaff of Conscience {holy, rN+
                  | Str+2 Dex-3} (Trog gifted it to you on level 11 of the
                  | Dungeon)
 13174 | D:11     | Noticed a red ugly thing
 13185 | D:11     | Killed a red ugly thing
 13205 | D:11     | Splashed by an acid dragon's acid

Skill      XL: |  1  2  3  4  5  6  7  8  9 10 11 |
---------------+----------------------------------+-----
Axes           | 4 5 6 7 9 11 12 | 12.1
Fighting       | 4 5 6 7 9 11 12 | 12.3
Armour         | 3 4 5 6 7 9 |  9.9
Dodging        | 3 4 5 6 7 8 9 |  9.0
Short Blades   | 1 2 3 5 |  5.2

Action                   |  1- 3 |  4- 6 |  7- 9 | 10-12 || total
-------------------------+-------+-------+-------+-------++-------
Melee: Hand axe          |    71 |    10 |   164 |   385 ||   630
       Headbutt          |     9 |    14 |    61 |   113 ||   197
       Dagger            |       |    86 |   157 |       ||   243
Invok: Berserk           |     3 |     7 |    10 |    12 ||    32
       Trog's Hand       |       |     1 |     1 |     1 ||     3
       Brothers in Arms  |       |       |       |     1 ||     1
Evoke: Wand              |       |       |     3 |    13 ||    16
       Lamp of fire      |       |       |       |     1 ||     1
  Use: Scroll            |     6 |     3 |     6 |     5 ||    20
       Potion            |       |     3 |     7 |     2 ||    12
 Stab: Paralysed         |       |       |     1 |       ||     1
  Eat: Chunk             |     5 |     5 |    18 |    20 ||    48
       Ration            |       |     2 |     2 |     2 ||     6
Armor: Animal skin       |    15 |       |       |       ||    15
       Scale mail        |       |    28 |    37 |       ||    65
       Plate armour      |       |       |    71 |   146 ||   217
Dodge: Dodged            |    40 |    52 |   162 |   151 ||   405
